 Dungeon Crawl Stone Soup version 0.29-a0-286-g41199d4a87 (webtiles) character file.

Game seed: 1218578473649128981

56 Colgate the Vexing (level 3, -1/16 HPs)
             Began as a Spriggan Enchanter on Mar 16, 2022.
             Was a Follower of Kikubaaqudgha.
             Slain by a worm (10 damage)
             ... on level 2 of the Dungeon.
             The game lasted 00:03:48 (2056 turns).

Colgate the Vexing (Spriggan Enchanter)             Turns: 2056, Time: 00:03:49

Health: -1/16      AC:  2    Str:  4    XL:     3   Next: 71%
Magic:  8/8        EV: 17    Int: 18    God:    Kikubaaqudgha [*.....]
Gold:   95         SH:  0    Dex: 15    Spells: 0/8 levels left

rFire   . . .      SeeInvis +   a - +1 dagger
rCold   . . .      Faith    .   (no shield)
rNeg    . . .      Spirit   .   j - +0 robe
rPois   .          Reflect  .   (helmet restricted)
rElec   .          Harm     .   (no cloak)
rCorr   .          Rampage  .   (gloves unavailable)
Will    .....                   (boots unavailable)
Stlth   +++.......              (no amulet)
HPRegen 0.05/turn               (no ring)
MPRegen 0.11/turn               (no ring)

@: very quick
A: very small, no large weapons, unfitting armour, see invisible, speed 3
a: Renounce Religion, Receive Corpses


You were on level 2 of the Dungeon.
You worshipped Kikubaaqudgha.
Kikubaaqudgha was aware of your devotion.
You visited 1 branch of the dungeon, and saw 2 of its levels.

You collected 95 gold pieces.

Inventory:

Hand Weapons
 a - a +1 dagger (weapon)
 b - a +2 short sword of draining
Missiles
 e - 2 curare-tipped darts
Armour
 j - a +0 robe (worn)
Scrolls
 d - a scroll of immolation
 h - a scroll of vulnerability
 i - a scroll of silence {unknown}
Potions
 c - 2 potions of invisibility
 f - 2 potions of might {unknown}
 g - a potion of resistance {unknown}


   Skills:
 - Level 1.1 Short Blades
 - Level 2.6 Dodging
 - Level 4.4 Stealth
 - Level 3.0 Spellcasting
 + Level 5.6 Hexes


You couldn't memorise any spells.
You knew the following spells:

 Your Spells              Type           Power      Damage    Failure   Level
a - Ensorcelled Hibernat  Hex/Ice        24%        N/A       8%          2
b - Tukima's Dance        Hex            22%        N/A       4%          3
c - Confusing Touch       Hex            22%        N/A       4%          3

Your spell library contained the following spells:

 Spells                   Type           Power      Damage    Failure   Level
 Slow                     Hex            88%        N/A       1%          1
 Animate Skeleton         Necr           4%         N/A       16%         1
 Dazzling Flash           Conj/Hex       24%        N/A       16%         3
 Corpse Rot               Necr/Air       4%         N/A       24%         2
 Vampiric Draining        Necr           2%         2d6       43%         3
 Iskenderun's Mystic Bla  Conj/Tloc      2%         2d3       85%         4
 Agony                    Necr           2%         N/A       99%         5
 Starburst                Conj/Fire      1%         6d3       100%        6


Dungeon Overview and Level Annotations

Branches:
Dungeon (2/15)

Altars:
Kikubaaqudgha


Innate Abilities, Weirdness & Mutations

You are very small and have problems with some larger weapons.
You are too small for most types of armour.
You have supernaturally acute eyesight. (SInv)
You cover ground extremely quickly. (Speed+++)


Message History

The bat hits you.
You hit the kobold but do no damage. The bat closely misses you.
The kobold misses you. The worm bites you but does no damage.
You barely miss the kobold. The bat closely misses you.
The ball python bites you but does no damage.
The ball python misses you. The kobold barely misses you.
You hit the kobold.
You kill the kobold!
Kikubaaqudgha accepts your kill. The bat completely misses you.
The ball python misses you. x2
The bat misses you. The worm misses you. The ball python completely misses you.
The ball python grabs you. The ball python constricts you.
Things that are here:
a +0 whip; 4 stones; a kobold corpse You escape the ball python's grasp.
You hit the bat. The bat hits you but does no damage.
Found a stone staircase leading down.
The bat misses you. The ball python barely misses you. x2
The bat misses you. The bat attacks as you move away! The bat misses you. x2
The bat closely misses you. The bat attacks as you move away!
The bat barely misses you. The bat misses you.
You hit the bat.
You kill the bat!
Kikubaaqudgha accepts your kill.
You see here a bat corpse.
You hit the ball python. The ball python barely misses you.
The ball python misses you.
You hit the ball python.
You kill the ball python!
Kikubaaqudgha accepts your kill.
You see here a ball python corpse.
The worm bites you but does no damage.
You see here a bat corpse.
The worm bites you!
Ouch! That really hurt!
You die...
Kikubaaqudgha rasps: "You have failed me!
Welcome... death!"

#......>............#
###.....#####.......#
#..................
#...........#<....#
#....[......'.....
##..........#....
#†..........# ##
#w..........# ..#
#@..........# ..#
#........)†.####..
#.......†...#.....
#...........##.#..
#.....#####.##....
#.....# #?.'....
#.....# ####....
####### #.... #....


You could see a worm.

Vanquished Creatures
  2 ball pythons
  6 endoplasms
  2 giant cockroaches (D:1)
  4 goblins (D:1)
  4 hobgoblins
  8 jackals (D:1)
  7 kobolds
  4 quokkas
  6 bats
  A rat (D:1)
44 creatures vanquished.

Notes
Turn   | Place    | Note
-------+----------+-------------------------------------------
     0 | D:1      | Colgate the Spriggan Enchanter began the quest for the Orb.
     0 | D:1      | Reached XP level 1. HP: 9/9 MP: 5/5
    86 | D:1      | Reached skill level 4 in Hexes
   371 | D:1      | Reached XP level 2. HP: 13/13 MP: 6/6
   374 | D:1      | Learned a level 2 spell: Ensorcelled Hibernation
   765 | D:1      | Reached skill level 5 in Hexes
   926 | D:1      | Reached XP level 3. HP: 16/16 MP: 8/8
   930 | D:1      | Learned a level 3 spell: Tukima's Dance
  1051 | D:1      | Learned a level 3 spell: Confusing Touch
  1498 | D:1      | Found a faded altar of an unknown god.
  1517 | D:1      | Prayed at the altar of an unknown god.
  1517 | D:1      | Became a worshipper of Kikubaaqudgha
  1517 | D:1      | Reached * piety under Kikubaaqudgha
  1517 | D:1      | Received a gift from Kikubaaqudgha
  2056 | D:2      | Slain by a worm

Illustrated notes

Levels and vault maps discovered:
D:1:      elethiomel_arrival_shortcut, layout_loops_ring,
          shapermc_ecumenical_altar_pompeii, minmay_pentomino_q4
D:2:      layout_basic, chequers_jeans, minmay_door_square,
          minmay_randomly_rotated_circles

Skill      XL: |  1  2  3 |
---------------+----------+-----
Hexes          | 4 5 |  5.6
Spellcasting   | 3 |  3.0
Short Blades   | |  1.1
Dodging        | |  2.6
Stealth        | |  4.4

Action                   || total
-------------------------++-------
Melee: Dagger            ||   125
 Cast: Ensorcelled Hiber ||    22
  Use: Scroll            ||     2
 Stab: Sleeping          ||    20
Armor: Robe              ||    15
Dodge: Dodged            ||   122

Table legend: (Time is in decaauts)
 A = Elapsed time spent in this place.
 B = Non-inter-level travel time spent in this place.
 C = Inter-level travel time spent in this place.
 D = Time resting spent in this place.
 E = Time spent auto-exploring this place.
 F = Levels seen in this place.
 G = Mean time per level.
                   A        B        C        D        E       F      G
               +--------+--------+--------+--------+--------+-----+--------+
         Total |   1670 |   1666 |      4 |      3 |   1354 |   2 |  835.0 |
       Dungeon |   1670 |   1666 |      4 |      3 |   1354 |   2 |  835.0 |
               +--------+--------+--------+--------+--------+-----+--------+

Top non-repeatable levels by time:
     D:1: 1575 daAuts
     D:2: 95 daAuts
